 Dungeon Crawl Stone Soup version 0.30.0-13-g156ef70053 (webtiles) character file.

Game seed: 5737815822354381453

627 Esekla the Grave Robber (level 7, -1/45 HPs)
             Began as an Octopode Necromancer on May 17, 2023.
             Was an Initiate of Gozag.
             Slain by an ogre
             ... wielding a +0 giant club
              (21 damage)
             ... on level 4 of the Dungeon.
             The game lasted 00:15:21 (2610 turns).

Esekla the Grave Robber (Octopode Necromancer)      Turns: 2610, Time: 00:15:21

Health: -1/45      AC:  8    Str:  7    XL:     7   Next: 47%
Magic:  1/11       EV: 14    Int: 20    God:    Gozag
Gold:   331        SH:  0    Dex: 12    Spells: 8/12 levels left

rFire   . . .        a - +2 dagger (protect)
rCold   . . .        (no shield)
rNeg    . . .        (helmet restricted)
rPois   .            (no amulet)
rElec   .            (no ring)
rCorr   .            (no ring)
SInv    .            (no ring)
Will    .....        (no ring)
Stlth   ++++         (no ring)
HPRegen 0.27/turn    (no ring)
MPRegen 0.12/turn    (no ring)
                     (no ring)

%: no passive effects
@: gold aura, under a protective aura
A: almost no armour, amphibious, 8 rings, camouflage 1, gelatinous body 1,
(nimble swimmer 1), tentacles
a: Renounce Religion, Potion Petition, Call Merchant, Bribe Branch


You were on level 4 of the Dungeon.
You worshipped Gozag.
Gozag was aware of your devotion.
You visited 1 branch of the dungeon, and saw 4 of its levels.

You collected 384 gold pieces.
You spent 53 gold pieces at shops.

Inventory:

Hand Weapons
 a - a +2 dagger of protection (weapon)
 m - a +0 falchion
Missiles
 f - 7 boomerangs (quivered)
 j - 10 poisoned darts
 q - a throwing net
Wands
 l - a wand of flame (12)
Scrolls
 b - 2 scrolls of teleportation
 e - 7 scrolls of identify {unknown}
 i - a scroll of brand weapon {unknown}
 n - 2 scrolls of blinking {unknown}
 p - a scroll of vulnerability {unknown}
Potions
 c - a potion of might {unknown}
 d - 5 potions of curing {unknown}
 g - a potion of brilliance
 h - a potion of magic
 k - a potion of heal wounds {unknown}
 o - a potion of lignification {unknown}
 r - a potion of mutation {unknown}
 s - a potion of ambrosia {unknown}


   Skills:
 * Level 2.3 Fighting
 + Level 2.6(3.1) Short Blades
 * Level 2.3(2.9) Long Blades
 + Level 0.2 Throwing
 * Level 3.7 Dodging
 + Level 5.1 Stealth
 * Level 3.0 Spellcasting
 * Level 5.1 Necromancy


You had 8 spell levels left.
You knew the following spells:

 Your Spells              Type           Power      Damage    Failure   Level
a - Necrotise             Necr           92%        1d8       1%          1
d - Vampiric Draining     Necr           23%        2d7       4%          3

Your spell library contained the following spells:

 Spells                   Type           Power      Damage    Failure   Level
 Agony                    Necr           23%        N/A       43%         5
 Summon Forest            Summ/Tloc      1%         N/A       98%         5
 Summon Mana Viper        Hex/Summ       3%         N/A       98%         5
 Summon Cactus Giant      Summ           1%         N/A       100%        6
 Animate Dead             Necr           Unusable   N/A       N/A         4

Dungeon Overview and Level Annotations

Branches:
Dungeon (4/15)
 Temple: D:4-7

Altars:
Gozag
Sif Muna

Shops:
D:3 =***

Annotations:
D:3 1 runed translucent door, Crazy Yiuf
D:4 1 transporter


Innate Abilities, Weirdness & Mutations

You cannot wear most types of armour.
You are amphibious.
You can wear up to eight rings at the same time.
Your skin changes colour to match your surroundings (Stealth+).
Your rubbery body absorbs attacks. (AC +1, EV +1)
((You are camouflaged when in or above water. (Stealth+)))
You have tentacles for arms and can constrict up to eight enemies at once.


Message History

Eustachio is almost dead.
The bat hits you but does no damage. The bat closely misses you.
The ogre hits you with a +0 giant club! Eustachio hits you with a +0 falchion.
Casting: Vampiric Draining (dangerous; 5% risk of failure)
Confirm with . or Enter, or press ? or * to list all spells.
Aiming: Vampiric Draining (dangerous; 5% risk of failure)
Press: ? - help, Shift-Dir - straight line, f - Eustachio
Aim: Eustachio, wielding a +0 falchion and wearing a +0 leather armour (almost dead)
You draw life force from Eustachio!
You kill Eustachio!
The bat disappears in a puff of smoke! x2
You feel life coursing into your body.
An orc comes into view. It is wielding a +0 dagger.
Your Stealth skill increases to level 5!
Your Spellcasting skill increases to level 3!
Casting: Vampiric Draining (dangerous; 4% risk of failure)
Confirm with . or Enter, or press ? or * to list all spells.
Aiming: Vampiric Draining (dangerous; 4% risk of failure)
Press: ? - help, Shift-Dir - straight line, f - ogre
Aim: an ogre, wielding a +0 giant club You draw life force from the ogre!
You feel life coursing into your body. The ogre hits you with a +0 giant club!
Casting: Vampiric Draining (dangerous; 4% risk of failure)
Confirm with . or Enter, or press ? or * to list all spells.
Aiming: Vampiric Draining (dangerous; 4% risk of failure)
Press: ? - help, Shift-Dir - straight line, f/p - ogre
Aim: an ogre, wielding a +0 giant club (moderately wounded)
You draw life force from the ogre.
You feel life coursing into your body. The ogre misses you.
Casting: Vampiric Draining (dangerous; 4% risk of failure)
Confirm with . or Enter, or press ? or * to list all spells.
Okay, then.
You barely miss the ogre.
The ogre is heavily wounded.
You hit the ogre.
Your weapon exudes an aura of protection.
The ogre is heavily wounded.
The ogre hits you with a +0 giant club!!
You die...
Your body crumbles into a pile of gold.

.##..........#
#.........)# ##
#....####'##
#..#
...#.......#
..#.
#####.####..##
... ...
..#.......
....###.© ###.#
####.......
......#####...#
#.....#.
...........@.#
#.....#.
.......###$#O#
#.....#.
.....+.#.#o#
#.....#.
...#.#.#.#
..######.
#######'#.#.#..
..+...##.
#...........#..
###.##)
#.........###..(
#)##.
#.........# ...
#....
#.........#
#....


You could see an ogre and an orc.

Vanquished Creatures
  Sigmund (D:2)
  Eustachio (D:4)
  Blork the orc (D:4)
  A bullfrog (D:4)
  A scorpion (D:3)
  4 adders
  An ufetubus (D:4)
  A worm (D:4)
  12 orcs
  5 endoplasms
  2 giant cockroaches
  6 goblins
  7 hobgoblins
  9 jackals
  3 quokkas
  14 ball pythons
  3 bats
  5 frilled lizards
  5 kobolds
  6 rats
88 creatures vanquished.

Notes
Turn   | Place    | Note
-------+----------+-------------------------------------------
     0 | D:1      | Esekla the Octopode Necromancer began the quest for the
                  | Orb.
     0 | D:1      | Reached XP level 1. HP: 11/11 MP: 3/3
   372 | D:1      | Reached XP level 2. HP: 10/18 MP: 5/5
   864 | D:1      | Reached XP level 3. HP: 22/22 MP: 6/6
   899 | D:1      | Learned a level 3 spell: Vampiric Draining
  1115 | D:2      | Reached skill level 1 in Fighting
  1410 | D:2      | Noticed Sigmund
  1529 | D:2      | Killed Sigmund
  1530 | D:2      | Reached skill level 1 in Short Blades
  1530 | D:2      | Reached skill level 1 in Long Blades
  1530 | D:2      | Reached XP level 4. HP: 15/29 MP: 2/7
  1530 | D:2      | Reached XP level 5. HP: 18/34 MP: 2/8
  1667 | D:3      | Reached XP level 6. HP: 38/39 MP: 9/9
  1683 | D:3      | Found Isonel Utsi's General Store.
  1718 | D:3      | Found Suoba's Jewellery Shoppe.
  1766 | D:3      | Found a faded altar of an unknown god.
  1785 | D:3      | Prayed at the altar of an unknown god.
  1785 | D:3      | Became a worshipper of Gozag Ym Sagoz the Greedy
  1894 | D:3      | Found Ypot's Assorted Antiques.
  1899 | D:3      | Bought a scroll labelled POASAISULU for 28 gold pieces
  1899 | D:3      | Bought a gluggy blue potion for 25 gold pieces
  1915 | D:3      | Found Vablenong's Assorted Antiques.
  2152 | D:3      | Found a runed translucent door.
  2153 | D:3      | Noticed Crazy Yiuf
  2364 | D:4      | Found a shimmering blue altar of Sif Muna.
  2455 | D:4      | Noticed Blork the orc
  2503 | D:4      | Killed Blork the orc
  2504 | D:4      | Reached skill level 5 in Necromancy
  2504 | D:4      | Reached XP level 7. HP: 43/45 MP: 1/11
  2598 | D:4      | Found a transporter.
  2599 | D:4      | Noticed Eustachio
  2606 | D:4      | Killed Eustachio
  2607 | D:4      | Reached skill level 5 in Stealth
  2610 | D:4      | Slain by an ogre

Illustrated notes

Levels and vault maps discovered:
D:1:      erik_arrival_triangle_small, layout_loops_corners,
          minmay_misc_feat_rows
D:2:      layout_rooms, uniq_sigmund
D:3:      layout_rooms, serial_shops, shop, nicolae_shop_tiny_waterfront,
          nicolae_shop_waterfront, nicolae_shop_tiny_real_fake_doors,
          nicolae_ecumenical_snake_handling, uniq_crazy_yiuf_cottage
D:4:      layout_basic, nicolae_sif_muna_little_library,
          gammafunk_ghost_stat_death, minmay_surrounded, uniq_eustachio,
          uniq_blork_the_orc

Skill      XL: |  1  2  3  4  5  6  7 |
---------------+----------------------+-----
Stealth        | 3 4 5 |  5.1
Fighting       | 1 2 |  2.3
Short Blades   | 1 2 |  2.6
Long Blades    | 1 2 |  2.3
Dodging        | 3 |  3.7
Necromancy     | 5 |  5.1
Spellcasting   | 3 |  3.0
Throwing       | |  0.2

Action                     |  1- 3 |  4- 6 |  7- 9 || total
---------------------------+-------+-------+-------++-------
  Melee: Unarmed           |    27 |       |       ||    27
         Constrict         |    17 |    19 |     6 ||    42
         Tentacles         |    12 |    21 |     7 ||    40
         Dagger            |    62 |    84 |    25 ||   171
         Punch             |       |     1 |     2 ||     3
  Throw: Boomerang         |       |     1 |     1 ||     2
   Cast: Vampiric Draining |     2 |     3 |     4 ||     9
    Use: Potion            |     1 |       |       ||     1
         Scroll            |       |       |     1 ||     1
   Stab: Sleeping          |     9 |    10 |     1 ||    20
 Armour: Skin              |    11 |    15 |     7 ||    33
  Dodge: Dodged            |    57 |    42 |    15 ||   114
